 Dungeon Crawl Stone Soup version 0.30-a0-1094-g860fb061e7 (webtiles) character file.

Game seed: 13451858450173921958

2 Pimp the Trooper (level 1, -3/20 HPs)
             Began as a Hill Orc Fighter on Apr 17, 2023.
             Succumbed to a kobold's poison
             ... on level 1 of the Dungeon.
             The game lasted 00:00:04 (21 turns).

Pimp the Trooper (Hill Orc Fighter)                   Turns: 21, Time: 00:00:05

Health: -3/20      AC:  6    Str: 18    XL:     1   Next: 40%
Magic:  1/1        EV:  9    Int:  8    God:
Gold:   0          SH:  4    Dex: 10    Spells: 0/0 levels left

rFire   . . .      SeeInvis .    a - +0 war axe
rCold   . . .      Faith    .    c - +0 buckler
rNeg    . . .      Spirit   .    b - +0 scale mail
rPois   .          Reflect  .    (no helmet)
rElec   .          Rampage  .    (no cloak)
rCorr   .                        (no gloves)
Will    .....                    (no boots) Stlth
                                 (no amulet)
HPRegen 0.23/turn                (no ring)
MPRegen 0.07/turn                (no ring)

@: lethally poisoned (-3 -> -19)
A: no striking features
a: no special abilities


You were on level 1 of the Dungeon.
You visited 1 branch of the dungeon, and saw 1 of its levels.

Inventory:

Hand Weapons
 a - a +0 war axe (weapon)
Armour
 b - a +0 scale mail (worn)
 c - a +0 buckler (worn)
Potions
 d - a potion of might
 e - a potion of invisibility {unknown}


   Skills:
 + Level 3.7 Fighting
 + Level 2.8 Axes
 + Level 3.3 Armour
 + Level 3.3 Shields


You couldn't memorise any spells.
You didn't know any spells.
Your spell library was empty.

Dungeon Overview and Level Annotations

Branches:
Dungeon (1/15)

Altars:


Message History

You feel drawn to the Orb of Zot, downwards into the unfathomable depths...
Press ? for a list of commands and other information.
Found a fizzy black potion and 10 stones.
Found a staircase leading out of the dungeon.
e - a fizzy black potion As you open the door, it creaks loudly!
You hear a shout! x2
A goblin comes into view. It is wielding a +0 dagger.
A goblin is nearby!
An endoplasm comes into view.
A kobold comes into view. It is wielding a +2 dagger of venom.
The goblin hits you with a +0 dagger.
You hit the goblin.
The goblin is heavily wounded.
You block the goblin's attack.
You hit the goblin.
You kill the goblin!
You see here a +0 dagger.
The kobold hits you with a +2 dagger of venom.
You are poisoned.
You barely miss the kobold.
You feel very sick. The kobold barely misses you.
The kobold closely misses you.
You closely miss the kobold. You hit the endoplasm.
You feel very sick. The kobold hits you but does no damage.
You are lethally poisoned!
The endoplasm barely misses you.
You barely miss the kobold. You hit the endoplasm.
* * * LOW HITPOINT WARNING * * *
You feel very sick. You block the kobold's attack.
The endoplasm barely misses you.
You closely miss the kobold. You slash the endoplasm!
You kill the endoplasm!
* * * LOW HITPOINT WARNING * * *
You feel very sick. The kobold barely misses you.
The kobold hits you but does no damage.
You are more poisoned.
You hit the kobold.
You kill the kobold!
You die...

### .. .... #.
... +#.## ... .
##..)## .. J..
##....@## .#K...
##......)##......
##.........'#
##...........##
#............(#
#.............#
#......<......#
#......(......#
#.............#


There were no monsters in sight!

Vanquished Creatures
  An endoplasm (D:1)
  A goblin (D:1)
  A kobold (D:1)
3 creatures vanquished.

Notes
Turn   | Place    | Note
-------+----------+-------------------------------------------
     0 | D:1      | Pimp the Hill Orc Fighter began the quest for the Orb.
     0 | D:1      | Reached XP level 1. HP: 19/19 MP: 1/1
    21 | D:1      | Succumbed to a kobold's poison

Illustrated notes

Levels and vault maps discovered:
D:1:      lemuel_arrival_rhombus, layout_basic, serial_shops, shop,
          chequers_serial_rivers_room_a

Action                     || total
---------------------------++-------
  Melee: War axe           ||     7
 Armour: Scale mail        ||     2
  Dodge: Dodged            ||     5
  Block: Buckler           ||     2

Table legend: (Time is in decaauts)
 A = Elapsed time spent in this place.
 B = Non-inter-level travel time spent in this place.
 C = Inter-level travel time spent in this place.
 D = Time resting spent in this place.
 E = Time spent auto-exploring this place.
 F = Levels seen in this place.
 G = Mean time per level.
                   A        B        C        D        E       F      G
               +--------+--------+--------+--------+--------+-----+--------+
         Total |     23 |     23 |      0 |      0 |      8 |   1 |   23.0 |
       Dungeon |     23 |     23 |      0 |      0 |      8 |   1 |   23.0 |
               +--------+--------+--------+--------+--------+-----+--------+

Top non-repeatable levels by time:
     D:1: 23 daAuts
